cohdb
Replays
Latest Replays
All Replays
Popular Replays
Top Player Replays
Match Explorer
How It Works
Community
CoH3 Stats
Reddit
Sign in to upload your games and track your stats! →
Sign in with Steam
Reakly vs Havoc - Incredibly Epic Battle
Match 38636324
Overview
Messages
Build Orders
End
Kettenkrad Recon Vehicle
Construct Infanterie Kompanie
Grenadier Squad
Grenadier Squad
Grenadier Squad
Infanterie Officer Quarters
MG 42 Machine Gun Team
Construct Luftwaffe Kompanie
Flak 30 Anti-aircraft Gun Team
221 Scout Car
Jäger Squad
Selects Luftwaffe Battlegroup
Medical Station
Selects Reconnaissance Run
Selects Fallschirmjäger Squad Paradrop
Support Elements
Wirbelwind Flakpanzer
Luftwaffe Officer Quarters
Pioneer Squad
Selects Stuka Loiter
Selects Luftwaffe Pioneer Support
Marder III M Tank Destroyer
Selects LG40 Recoilless Gun Paradrop
Jäger Squad
Construct Panzer Kompanie
Selects Infantry Reserves
Stuka Loiter
Panzer IV Medium Tank
Marder III M Tank Destroyer
Stuka Loiter
Panzer IV Medium Tank
Panzer Officer Quarters
Stuka Loiter
Panzer IV Medium Tank
Havoc
Reakly
0
0
Comments
sign in to comment!
No comments posted yet!